Map: Tritão LE

Players

llMMCll - Winner!

  • Race: Terran Terran
  • League: Diamond
  • Spawn Location: 5:00

IIIIIIIIIIII

  • Race: Terran Terran
  • League: Master
  • Spawn Location: 11:00

VOD

Have the link to the VOD?

Description

Time

  • Played on: Nov. 15, 2019, 10:48 a.m.
  • Length: 9:45
Show
View Real Time Build Order
Export as new Build Order

llMMCll Terran - Winner!

Build Orders: Reaper Expand 

Get SALT Encoding   

  12  0:04  SCV  
  12  0:16  SCV  
  12  0:19  Supply Depot  
  12  0:28  SCV  
  12  0:41  SCV, Barracks  
  12  0:52  Refinery  
  12  0:54  SCV  
  12  1:04  Barracks  
  12  1:08  SCV  
  12  1:21  SCV  
  12  1:35  Reaper  
  12  1:39  Orbital Command  
  12  1:53  Reaper  
  12  1:59  Refinery  
  12  2:04  Supply Depot  
  12  2:14  Reaper  
  12  2:19  SCV  
  12  2:27  Supply Depot  
  12  2:30  Reaper  
  12  2:32  SCV  
  12  2:44  SCV  
  12  2:47  Command Center  
  12  2:49  Reaper, Supply Depot  
  12  2:59  SCV  
  12  3:02  Reaper  
  12  3:08  Factory  
  12  3:13  SCV  
  12  3:25  SCV  
  12  3:37  SCV  
  12  3:45  Barracks  
  12  3:48  Barracks  
  12  3:50  SCV  
  12  3:53  Factory Tech Lab  
  12  3:54  Barracks  
  12  3:56  Starport  
  12  4:04  Orbital Command  
  12  4:06  SCV  
  12  4:18  SCV  
  12  4:30  SCV  
  12  4:32  SCV  
  12  4:38  Factory Tech Lab  
  12  4:39  Barracks Reactor  
  12  4:40  Barracks Tech Lab  
  12  4:42  Barracks Reactor  
  12  4:44  SCV  
  12  4:47  Barracks Reactor  
  12  4:50  SCV  
  12  4:53  Banshee  
  12  4:54  Cloaking Field  
  12  4:58  SCV  
  12  5:02  Supply Depot  
  12  5:08  Supply Depot  
  12  5:09  SCV  
  12  5:11  Barracks Reactor  
  12  5:13  SCV  
  12  5:21  SCV, Siege Tank  
  12  5:22  Marine x2  
  12  5:23  Marine  
  12  5:25  SCV  
  12  5:31  Refinery  
  12  5:32  Refinery  
  12  5:33  SCV  
  12  5:35  Marine x2  
  12  5:36  Marine x2  
  12  5:38  SCV  
  12  5:39  Supply Depot  
  12  5:41  Supply Depot  
  12  5:45  SCV  
  12  5:49  Marine x2  
  12  5:51  Stimpack  
  12  5:54  Marine x2  
  12  5:59  SCV  
  12  6:01  Marine  
  12  6:02  Marine  
  12  6:05  Marine x2  
  12  6:09  Siege Tank  
  12  6:10  SCV  
  12  6:12  Marine x2  
  12  6:15  SCV  
  12  6:22  SCV  
  12  6:23  Supply Depot  
  12  6:24  Supply Depot  
  12  6:25  Engineering Bay  
  12  6:27  Marine, SCV  
  12  6:28  Marine x4  
  12  6:34  SCV  
  12  6:39  SCV, Starport Reactor  
  12  6:41  Marine x3  
  12  6:46  SCV  
  12  6:48  Supply Depot  
  12  6:51  Supply Depot  
  12  6:53  Terran Infantry Weapons Level 1  
  12  6:54  Siege Tank  
  12  6:55  Marine x3  
  12  6:56  Marine  
  12  6:57  SCV  
  12  6:59  Marine  
  12  7:05  Marine x2, SCV  
  12  7:06  Marine x2  
  12  7:11  Supply Depot  
  12  7:14  Marine  
  12  7:16  Supply Depot  
  12  7:19  Marine x2  
  12  7:24  Medivac x2  
  12  7:31  Combat Shield  
  12  7:32  Siege Tank  
  12  7:45  Marine x5  
  12  7:47  Supply Depot  
  12  7:49  Supply Depot  
  12  7:53  Marine x2, Medivac  
  12  7:54  Medivac  
  12  8:04  Siege Tank  
  12  8:06  Marine x2  
  12  8:11  Marine x3  
  12  8:20  Supply Depot  
  12  8:22  Supply Depot  
  12  8:23  Medivac  
  12  8:27  Marine  
  12  8:28  Marine  
  12  8:32  Marine x4  
  12  8:37  Siege Tank  
  12  8:50  Marine  
  12  8:51  Marine x3  
  12  8:54  Supply Depot  
  12  8:55  Supply Depot  
  12  8:57  Marine x2  
  12  9:03  Marine x2  
  12  9:04  Medivac x2  
  12  9:09  Siege Tank  
  12  9:15  Armory  
  12  9:17  Supply Depot  
  12  9:18  Supply Depot  
  12  9:40  Supply Depot  
  12  9:42  Supply Depot  
Show
View Real Time Build Order
Export as new Build Order

IIIIIIIIIIII Terran 

Build Orders:  

Get SALT Encoding   

Tags
 
Matchup
TvT
Race
Terran
Spawn Locations
Cross Positions
Add a new tag
Caveats
  • Supply blocks, unpowered buildings, or Contaminate may cause inaccurate times.
  • Supply counts are checked every 10 seconds.